cohdb
Replays
Latest Replays
All Replays
Popular Replays
Top Player Replays
Match Explorer
How It Works
Community
CoH3 Stats
Reddit
Sign in to upload your games and track your stats! →
Sign in with Steam
Match 45874571
Unlisted
Match 45874571
Overview
Messages
Build Orders
End
Vickers Machine Gun Team
Construct Section Command Post
Dingo Light Scout Car
Infantry Section
Infantry Section
Grenade Package
Infantry Section
Construct Platoon Command Post
Construct Field Infirmary
6-pounder Anti-tank Gun Team
Vickers Machine Gun Team
Infantry Training
Selects Indian Artillery Battlegroup
Selects War Cry
Selects Gurkha Rifles Section
Gurkha Rifles Section
Construct Company Command Post
Unlock M3 Grant Medium Tanks
Royal Engineer Section
Selects Pillage
M3 Grant Medium Tank
Selects Artillery Saturation
M3 Grant Medium Tank
War Cry
M3 Grant Medium Tank
Selects Off-map Airburst Barrage
Off-map Airburst Barrage
Off-map Airburst Barrage
Armored Vehicle Training
War Cry
Selects Perimeter Monitor
M3 Grant Medium Tank
Off-map Airburst Barrage
Perimeter Monitor
War Cry
RitraXP
Hakujyuuuu
[Glandeur] Conan ****
marcelix
xwineapplex
rhymo
Randall
神奇香蕉
0
0
Comments
sign in to comment!
No comments posted yet!